 Dungeon Crawl Stone Soup version 0.20-a0-792-g09bcfd3 (webtiles) character file.

251 removefoulstench the Skirmisher (level 5, -1/47 HPs)
             Began as a Demonspawn Wanderer on Feb 28, 2017.
             Slain by Dowan
             ... wielding a +1 dagger of venom
              (3 damage)
             ... on level 4 of the Dungeon.
             The game lasted 00:03:20 (2384 turns).

removefoulstench the Skirmisher (DsWn)              Turns: 2384, Time: 00:03:21

Health: -1/47      AC:  8    Str: 20    XL:     5   Next: 88%
Magic:  5/5        EV: 12    Int: 11    God:
Gold:   100        SH:  0    Dex: 13    Spells: 4/4 levels left

rFire    . . .     SeeInvis .   p - +2 whip (venom)
rCold    + . .     Gourm    .   q - +1 leather armour {rC+}
rNeg     + . .     Faith    .   (no shield)
rPois    .         Spirit   .   (no helmet)
rElec    .         Reflect  .   (no cloak)
rCorr    .         Harm     .   x - +0 pair of gloves
MR       .....                  (no boots)
Stlth    ++........             (no amulet)
Regen    0.2/turn               z - +5 ring of strength
MPRegen  0.1/turn               r - ring of positive energy

@: lethally poisoned (-1 -> -5)
A: talons 1, thin metallic scales 2
a: no special abilities


You were on level 4 of the Dungeon.
You were not hungry.

You visited 1 branch of the dungeon, and saw 4 of its levels.

You collected 100 gold pieces.

Inventory:

Hand Weapons
 c - a +0 short sword
 e - a +0 dagger
 p - a +2 whip of venom (weapon)
Missiles
 b - 4 throwing nets (quivered)
Armour
 a - a +0 leather armour
 q - a +1 leather armour of cold resistance (worn)
 x - a +0 pair of gloves (worn)
Jewellery
 r - a ring of positive energy (left hand)
 z - a +5 ring of strength (right hand)
Scrolls
 h - a scroll of identify {unknown}
 j - a scroll of random uselessness {unknown}
 k - a scroll of recharging {unknown}
 n - a scroll of remove curse {unknown}
 o - 2 scrolls of teleportation {unknown}
 v - a scroll of enchant weapon {unknown}
 y - a scroll of magic mapping {unknown}
Potions
 d - 2 potions of curing
 g - a potion of ambrosia {unknown}
 l - 2 potions of degeneration {unknown}
 s - a potion of berserk rage {unknown}
 t - a potion of resistance {unknown}
 u - a potion of invisibility {unknown}
 w - 2 potions of haste {unknown}
Comestibles
 f - 4 bread rations
 i - 3 meat rations
 m - a royal jelly
 A - 2 chunks of flesh


   Skills:
 + Level 6.6 Fighting
 - Level 1.0 Short Blades
 - Level 2.8 Dodging
 - Level 1.7 Stealth
   Level 1.0 Evocations


You had 4 spell levels left.
You didn't know any spells.

Dungeon Overview and Level Annotations

Branches:
Dungeon (4/15)
 Temple: D:4-7

Altars:

Annotations:
D:4 Dowan, Duvessa


Innate Abilities, Weirdness & Mutations

You have sharp toenails.
You are mostly covered in thin metallic scales. (AC +3)


Message History

The ogre is heavily wounded.
You feel sick. The ogre misses you.
Duvessa hits the plant with a short sword.
The crimson imp hits the plant.
Dowan barely misses you.
You barely miss the ogre. You claw the ogre, but do no damage.
The ogre is heavily wounded.
You feel sick.
Duvessa hits the plant but does no damage.
The ogre hits you with a giant club!!
The crimson imp hits the plant.
Dowan hits you but does no damage.
You whack the ogre!
The ogre looks as sick as possible!
You claw the ogre, but do no damage.
The ogre is almost dead.
You feel sick.
Duvessa hits the plant with a short sword.
The crimson imp hits the plant but does no damage.
The ogre hits you with a giant club!!
* * * LOW HITPOINT WARNING * * *
Dowan hits you with a dagger of venom.
You die...

.# .# # ...##
.#..## .P...#
##P5P..# #
#.Oe.♣P# ..
#.#@♣♣♣..
...##.#eP♣P♣%#
#..........#
#....?..########.
#.......#........
#)...........#
####.#.......#
#.#.......#
#.####....####


You could see Duvessa, an ogre, Dowan and a crimson imp.

Vanquished Creatures
  Sigmund (D:3)
  A worker ant (D:4)
  2 adders
  3 dart slugs
  3 leopard geckos
  An orc (D:3)
  16 bats
  2 giant cockroaches
  7 goblins
  2 hobgoblins (D:1)
  4 kobolds
  A quokka (D:3)
  5 frilled lizards
  8 rats
56 creatures vanquished.

Vanquished Creatures (others)
  4 toadstools (D:1)
4 creatures vanquished.

Grand Total: 60 creatures vanquished

Notes
Turn   | Place    | Note
-------+----------+-------------------------------------------
     0 | D:1      | removefoulstench the Demonspawn Wanderer began the quest for the Orb.
     0 | D:1      | removefoulstench set off with: a +0 leather armour, 4 throwing nets, a +0 short sword, a potion of curing, a +0 dagger, a bread ration
     0 | D:1      | Reached XP level 1. HP: 18/18 MP: 1/1
   209 | D:1      | Gained mutation: You have sharp toenails. [demonic ancestry]
   209 | D:1      | Reached XP level 2. HP: 22/24 MP: 2/2
   637 | D:1      | Reached skill level 4 in Fighting
   939 | D:2      | Gained mutation: You are partially covered in thin metallic scales. (AC +2) [demonic ancestry]
   939 | D:2      | Reached XP level 3. HP: 25/30 MP: 3/3
  1808 | D:3      | Reached XP level 4. HP: 38/38 MP: 4/4
  2099 | D:3      | Reached skill level 5 in Fighting
  2202 | D:3      | Noticed Sigmund
  2218 | D:3      | Killed Sigmund
  2218 | D:3      | Reached skill level 6 in Fighting
  2218 | D:3      | Gained mutation: You are mostly covered in thin metallic scales. (AC +3) [demonic ancestry]
  2218 | D:3      | Reached XP level 5. HP: 28/47 MP: 5/5
  2370 | D:4      | Noticed an ogre
  2371 | D:4      | Noticed Dowan
  2374 | D:4      | Noticed Duvessa
  2384 | D:4      | HP: 2/47 [ogre/giant club (22)]
  2384 | D:4      | Slain by Dowan

Vault maps used:
D:1:      ldierk_walled_garden_2
D:2:      first_bread, nrook_uturn, grunt_decor_arrowhead
D:3:      minmay_misc_feat_roman, minmay_misc_feat_chi, uniq_sigmund
D:4:      serial_forest, infiniplex_forest_zigzag_1,
          infiniplex_forest_clump_curved, infiniplex_forest_clump_diagonal,
          infiniplex_forest_clump_small, infiniplex_forest_clump_curved,
          infiniplex_forest_fountain, infiniplex_forest_lined_3,
          infiniplex_forest_straight_3, infiniplex_forest_zigzag_2,
          infiniplex_forest_clump_cross, uniq_duvessa, uniq_menkaure

Skill      XL: |  1  2  3  4 |
---------------+-------------+-----
Fighting       | 4 6 |  6.6
Short Blades   | |  1.0
Dodging        | |  2.8
Stealth        | |  1.7
Evocations     | |  1.0

Action                   |  1- 3 |  4- 6 || total
-------------------------+-------+-------++-------
Melee: Short sword       |    93 |       ||    93
       Kick              |    29 |    10 ||    39
       Whip              |    50 |    29 ||    79
 Stab: Sleeping          |     9 |       ||     9
  Eat: Chunk             |     3 |     2 ||     5
Armor: Leather armour    |    63 |    12 ||    75
Dodge: Dodged            |   137 |    18 ||   155
